AoeStats
← 体制少妇白洁

Arena

507743889Analyzed
4v4 RM · 13d ago on Sep 19, 2026· 35m 13s· 8 players
Game mode
Random Map
Map size
Large (8 player)
Population
200
Speed
Normal
Resources
Standard
Victory
Conquest
Starting age
Dark Age
Ending age
Imperial Age
RankedLock teamsTeams togetherTeam positionsShared explorationLock speedFull tech treeHidden civsTurbo modeCheats
Victory
Defeat
🇭🇰 Lithuanians · Hong Kong SAR China
1516
+12
🇨🇳 Bohemians · China
1467
+14
🇨🇳 Celts · China
1373
+18
🇭🇰 Turks · Hong Kong SAR China
1458
-17
🇭🇰 Poles · Hong Kong SAR China
1429
-16
🇮🇳 Shu · India
1419
-16
🇫🇷 Tatars · France
1400
-15
Justin Credible
10:06 Feudal Age
10:51 Double-Bit Axe
13:42 Castle Age
11:43 Horse Collar
16:20 Wheelbarrow
16:39 Loom
22:41 Bow Saw
23:48 Hand Cart
23:38 Gold Mining
28:03 Imperial Age
25:38 Pikeman
26:18 Squires
26:21 Scale Mail Armor
27:34 Gold Shaft Mining
28:03 Chain Mail Armor
27:59 Forging
28:30 Stone Mining
28:06 Halberdier
29:08 Conscription
28:49 Coiled Serpent Array
29:22 Plate Mail Armor
28:56 Town Watch
29:50 Heavy Plow
Hecktelion
9:28 Feudal Age
11:58 Double-Bit Axe
14:23 Castle Age
12:28 Horse Collar
15:20 Wheelbarrow
19:24 Hand Cart
21:05 Heavy Plow
23:16 Bow Saw
23:00 Stone Mining
23:32 Gold Mining
26:38 Gold Shaft Mining
29:46 Imperial Age
27:07 Loom
27:33 Fletching
27:43 Padded Archer Armor
28:26 Ballistics
28:33 Bodkin Arrow
29:14 Leather Archer Armor
29:13 Silk Armor
29:24 Husbandry
29:35 Bloodlines
30:45 Bracer
31:24 Ring Archer Armor
31:56 Chemistry
30:54 Heavy Cavalry Archer
32:12 Conscription
LinG寶寶
12:47 Feudal Age
16:25 Castle Age
14:16 Double-Bit Axe
14:48 Horse Collar
15:23 Loom
17:19 Bow Saw
17:41 Heavy Plow
21:10 Wheelbarrow
22:23 Szlachta Privileges
22:47 Hand Cart
23:19 Gold Mining
24:30 Scale Barding Armor
24:48 Bloodlines
24:38 Husbandry
25:10 Forging
25:03 Husbandry
26:01 Chain Barding Armor
30:37 Imperial Age
29:25 Iron Casting
29:28 Stone Mining
30:48 Loom
30:48 Town Watch
32:20 Coinage
31:12 Cavalier
33:50 Banking
34:51 Devotion
屌炸天
10:23 Feudal Age
12:00 Loom
14:44 Fletching
17:32 Double-Bit Axe
21:39 Castle Age
21:29 Horse Collar
31:55 Imperial Age
30:43 Gold Mining
34:54 Bow Saw
FoLuo
10:32 Feudal Age
11:36 Double-Bit Axe
14:06 Castle Age
12:22 Horse Collar
15:22 Bow Saw
18:19 Wheelbarrow
21:50 Gold Mining
22:23 Hand Cart
22:19 Gold Mining
23:03 Heavy Plow
24:17 Stone Mining
26:06 Stone Shaft Mining
28:14 Imperial Age
28:20 Imperial Age
25:55 Loom
25:57 Town Watch
27:25 Gold Shaft Mining
27:10 Scale Mail Armor
27:20 Forging
27:03 Stronghold
27:36 Arson
29:23 Conscription
28:25 Capped Ram
29:36 Chain Mail Armor
30:26 Iron Casting
29:14 Siege Ram
30:22 Furor Celtica
30:09 Heavy Scorpion
32:11 Plate Mail Armor
34:16 Siege Engineers
35:23 Iron Casting
34:29 Treadmill Crane
35:11 Town Patrol
夫国之有民,犹水之有舟,停则以安,扰则以危
10:59 Feudal Age
11:44 Double-Bit Axe
14:22 Castle Age
12:46 Horse Collar
15:25 Bow Saw
18:28 Wheelbarrow
23:38 Gold Mining
24:19 Hand Cart
25:55 Gold Shaft Mining
28:45 Imperial Age
26:25 Stone Mining
26:59 Scale Barding Armor
27:02 Heavy Plow
27:45 Forging
27:28 Loom
27:29 Town Watch
28:26 Chain Barding Armor
28:29 Bloodlines
28:19 Husbandry
29:23 Conscription
29:55 Iron Casting
29:09 Elite War Elephant
31:02 Plate Barding Armor
32:26 Blast Furnace
体制少妇白洁
11:04 Feudal Age
12:42 Double-Bit Axe
15:06 Castle Age
13:08 Horse Collar
17:15 Bow Saw
18:27 Wheelbarrow
23:19 Heavy Plow
25:33 Gold Mining
27:08 Hand Cart
30:13 Imperial Age
28:43 Scale Barding Armor
28:49 Forging
30:16 Bloodlines
30:07 Husbandry
30:38 Chain Barding Armor
30:13 Loom
31:21 Conscription
30:32 Elite Leitis
32:14 Plate Barding Armor
33:11 Two-Man Saw
32:35 Stone Mining
34:04 Iron Casting
cookie tin
8:29 Feudal Age
7:29 Loom
9:05 Double-Bit Axe
10:13 Fletching
10:14 Horse Collar
14:58 Wheelbarrow
18:34 Town Watch
21:20 Castle Age
22:17 Bow Saw
22:18 Bodkin Arrow
22:53 Guard Tower
23:26 Redemption
26:51 Imperial Age
25:39 Redemption
27:54 Block Printing
28:46 Fortified Wall
29:40 Sanctity
31:27 Chemistry
30:47 Hand Cart
33:06 Conscription
33:38 Fervor
Connection lost

Rejoining the realm…

Still unreachable

The connection could not be restored.

Session expired

The server has moved on; the page needs a fresh start.